 Dungeon Crawl Stone Soup version 0.27-a0-1281-ge233d83751 (webtiles) character file.

Game seed: 4293623606956895326

127 Johnny the Magician (level 4, -11/27 HPs)
             Began as a Deep Elf Earth Elementalist on June 14, 2021.
             Splashed by Ijyb's acid (16 damage)
             ... on level 4 of the Dungeon.
             The game lasted 00:03:02 (5426 turns).

Johnny the Magician (Deep Elf Earth Elementalist)   Turns: 5426, Time: 00:03:03

Health: -11/27     AC:  2    Str:  5    XL:     4   Next: 85%
Magic:  8/12       EV: 12    Int: 21    God:
Gold:   80         SH:  0    Dex: 15    Spells: 10/11 levels left

rFire    . . .     SeeInvis .   m - +1 whip (vamp)
rCold    . . .     Faith    .   (no shield)
rNeg     . . .     Spirit   .   c - +0 robe
rPois    .         Reflect  .   (no helmet)
rElec    .         Harm     .   (no cloak)
rCorr    .         Rampage  .   (no gloves)
Will     .....                  (no boots)
Stlth    ++........             (no amulet)
HPRegen  0.09/turn              (no ring)
MPRegen  0.13/turn              (no ring)

@: no status effects
A: no striking features
a: no special abilities


You were on level 4 of the Dungeon.
You visited 1 branch of the dungeon, and saw 4 of its levels.

You collected 99 gold pieces.
You spent 19 gold pieces at shops.

Inventory:

Hand Weapons
 h - a +0 short sword
 m - a +1 vampiric whip (weapon)
Missiles
 b - 21 stones
Armour
 c - a +0 robe (worn)
Wands
 r - a wand of acid (12)
Scrolls
 f - a scroll of brand weapon {unknown}
 g - a scroll of immolation {unknown}
 i - 2 scrolls of noise {unknown}
 j - a scroll of blinking {unknown}
 k - 3 scrolls of identify {unknown}
 n - a scroll of magic mapping {unknown}
 o - a scroll of silence {unknown}
 p - 4 scrolls of teleportation {unknown}
 q - a scroll of fog {unknown}
 t - a scroll of acquirement {unknown}
 x - a scroll of summoning {unknown}
Potions
 a - 4 potions of haste {unknown}
 d - 3 potions of attraction {unknown}
 e - a potion of degeneration {unknown}
 l - a potion of flight {unknown}
 s - a potion of curing {unknown}
 u - a potion of heal wounds {unknown}
 v - a potion of invisibility {unknown}
 w - a potion of lignification {unknown}


   Skills:
 * Level 2.5 Fighting
 - Level 2.4 Dodging
 - Level 2.4 Stealth
 + Level 4.3 Spellcasting
 - Level 1.1 Transmutations
 + Level 4.2 Earth Magic


You had 10 spell levels left.
You knew the following spells:

 Your Spells              Type           Power      Damage    Failure   Level
a - Sandblast             Erth           44%        2d11      1%          1

Your spell library contained the following spells:

 Spells                   Type           Power      Damage    Failure   Level
 Passwall                 Tmut/Erth      12%        N/A       6%          2
 Corona                   Hex            4%         N/A       12%         1
 Stone Arrow              Conj/Erth      26%        3d8       14%         3
 Ensorcelled Hibernation  Hex/Ice        8%         N/A       19%         2
 Confusing Touch          Hex            4%         N/A       34%         3
 Dazzling Flash           Conj/Hex       8%         N/A       34%         3
 Tukima's Dance           Hex            4%         N/A       34%         3
 Petrify                  Tmut/Erth      15%        N/A       36%         4
 Lee's Rapid Deconstruct  Erth           11%        3d9*      50%         5


Dungeon Overview and Level Annotations

Branches:
Dungeon (4/15)
 Temple: D:4-7

Altars:

Shops:
D:3 (

Annotations:
D:4 Ijyb


Message History

Ijyb is nearby!
Ijyb is nearby!
Ijyb is nearby!
Found 14 gold pieces and a spear.
Found a stone staircase leading down.
Casting: Sandblast (safe; 1% risk of failure)
Confirm with . or Enter, or press ? or * to list all spells.
Aiming: Sandblast (safe; 1% risk of failure)
Press: ? - help, Shift-Dir - straight line, f - Ijyb
Aim: Ijyb, wielding a +0 club, wearing a +0 ring mail and carrying a wand of acid (6) (wandering, hasn't noticed you, 78% to hit)
The blast of sand hits Ijyb.
Ijyb is lightly wounded.
Ijyb shouts!
Casting: Sandblast (safe; 1% risk of failure)
Confirm with . or Enter, or press ? or * to list all spells.
Aiming: Sandblast (safe; 1% risk of failure)
Press: ? - help, Shift-Dir - straight line, f/p - Ijyb
Aim: Ijyb, wielding a +0 club, wearing a +0 ring mail and carrying a wand of acid (6) (lightly wounded, 78% to hit)
The blast of sand hits Ijyb.
Ijyb is moderately wounded.
Casting: Sandblast (safe; 1% risk of failure)
Confirm with . or Enter, or press ? or * to list all spells.
Aiming: Sandblast (safe; 1% risk of failure)
Press: ? - help, Shift-Dir - straight line, f/p - Ijyb
Aim: Ijyb, wielding a +0 club, wearing a +0 ring mail and carrying a wand of acid (6) (moderately wounded, 78% to hit)
The blast of sand hits Ijyb.
Ijyb is moderately wounded.
Ijyb hits you with a +0 club.
Casting: Sandblast (safe; 1% risk of failure)
Confirm with . or Enter, or press ? or * to list all spells.
Aiming: Sandblast (safe; 1% risk of failure)
Press: ? - help, Shift-Dir - straight line, f/p - Ijyb
Aim: Ijyb, wielding a +0 club, wearing a +0 ring mail and carrying a wand of acid (6) (moderately wounded, 78% to hit)
The blast of sand hits Ijyb.
Ijyb is heavily wounded.
Ijyb zaps a wand.
The bolt of acid hits you!!
Ouch! That really hurt!
* * * LOW HITPOINT WARNING * * *
You are splashed with acid!
Ouch! That really hurt!
You die...

<.#####..###########..#
...........#.........##
>##......##....####.###
.......))##...........#
)...........##........##
..........##............
$............#.<......##
#........####........##
#....g@..............##
#.........####..........
..#.....#.## #####.#.###
##...##..## #......#
#### ##..###.##.###
#....##.##.#
#.......##.# ###
#....####..# #.) ######
#.####..


You could see Ijyb.

Vanquished Creatures
  An orc wizard (D:3)
  An adder (D:4)
  An ufetubus (D:4)
  2 dart slugs
  9 orcs
  6 endoplasms
  5 giant cockroaches
  5 goblins
  10 hobgoblins
  4 jackals
  2 quokkas (D:2)
  8 bats
  4 frilled lizards
  6 kobolds
  4 rats
68 creatures vanquished.

Notes
Turn   | Place    | Note
-------+----------+-------------------------------------------
     0 | D:1      | Johnny the Deep Elf Earth Elementalist began the quest for
                  | the Orb.
     0 | D:1      | Reached XP level 1. HP: 10/10 MP: 6/6
   358 | D:1      | Reached XP level 2. HP: 16/16 MP: 4/8
   496 | D:1      | Reached skill level 1 in Fighting
   694 | D:1      | Found a faded altar of an unknown god.
  2171 | D:2      | Reached XP level 3. HP: 8/20 MP: 3/10
  3796 | D:3      | Found Eggihuyt's Weapon Boutique.
  3805 | D:3      | Bought 14 stones for 19 gold pieces
  3837 | D:3      | Reached XP level 4. HP: 4/26 MP: 6/12
  5156 | D:4      | Noticed Ijyb
  5426 | D:4      | Splashed by Ijyb's acid

Illustrated notes

Levels and vault maps discovered:
D:1:      minmay_arrival_five_plusses, layout_basic,
          ebering_ecumenical_altar_webs, minmay_misc_feat_four_crosses,
          grunt_decor_arrowhead, nrook_uturn, serial_bayou_pond_a,
          minmay_split_cup_large
D:2:      layout_loops_corners
D:3:      layout_basic, serial_shops, shop
D:4:      layout_rooms, marbit_many_paths, minmay_temple_entry_junction_2,
          uniq_sigmund, uniq_ijyb

Skill      XL: |  1  2  3 |
---------------+----------+-----
Fighting       | 1 2 |  2.5
Spellcasting   | 4 |  4.3
Earth Magic    | 4 |  4.2
Dodging        | |  2.4
Stealth        | |  2.4
Transmutations | |  1.1

Action                   |  1- 3 |  4- 6 || total
-------------------------+-------+-------++-------
Melee: Unarmed           |     5 |       ||     5
       Short sword       |    65 |       ||    65
       Whip              |    95 |    62 ||   157
 Cast: Sandblast         |    41 |    14 ||    55
 Stab: Sleeping          |    10 |     1 ||    11
Armor: Robe              |    39 |    14 ||    53
Dodge: Dodged            |   128 |    48 ||   176

Table legend: (Time is in decaauts)
 A = Elapsed time spent in this place.
 B = Non-inter-level travel time spent in this place.
 C = Inter-level travel time spent in this place.
 D = Time resting spent in this place.
 E = Time spent auto-exploring this place.
 F = Levels seen in this place.
 G = Mean time per level.
                   A        B        C        D        E       F      G
               +--------+--------+--------+--------+--------+-----+--------+
         Total |   5450 |   5368 |     82 |    812 |   3886 |   4 | 1362.5 |
       Dungeon |   5450 |   5368 |     82 |    812 |   3886 |   4 | 1362.5 |
               +--------+--------+--------+--------+--------+-----+--------+

Top non-repeatable levels by time:
     D:1: 1833 daAuts
     D:2: 1705 daAuts
     D:3: 1519 daAuts
     D:4: 391 daAuts
